Workbook

Sheet Resumen
A1: Control de gastos del coche
A2: Se calcula solo a partir de las hojas Repostajes y Otros gastos
A4: Kilómetros recorridos | B4: =SUM(Repostajes!F5:F64)
A5: Consumo medio | B5: =IFERROR(SUM(Repostajes!C6:C64)/B4*100,0)
A6: Gasto en combustible (todos los repostajes) | B6: =SUM(Repostajes!D5:D64)
A7: Combustible por kilómetro | B7: =IFERROR(SUM(Repostajes!D6:D64)/B4,0)
A8: Otros gastos (seguro, ITV, taller…) | B8: =SUM('Otros gastos'!D5:D44)
A9: Total gastado en el coche | B9: =B6+B8
A10: Coste total por kilómetro | B10: =IFERROR((SUM(Repostajes!D6:D64)+B8)/B4,0)
A13: Otros gastos por tipo | B13: Total | C13: % del total
A14: Seguro | B14: =SUMIF('Otros gastos'!$B$5:$B$44,A14,'Otros gastos'!$D$5:$D$44) | C14: =IF($B$21=0,0,B14/$B$21)
A15: ITV | B15: =SUMIF('Otros gastos'!$B$5:$B$44,A15,'Otros gastos'!$D$5:$D$44) | C15: =IF($B$21=0,0,B15/$B$21)
A16: Taller y mantenimiento | B16: =SUMIF('Otros gastos'!$B$5:$B$44,A16,'Otros gastos'!$D$5:$D$44) | C16: =IF($B$21=0,0,B16/$B$21)
A17: Impuesto de circulación | B17: =SUMIF('Otros gastos'!$B$5:$B$44,A17,'Otros gastos'!$D$5:$D$44) | C17: =IF($B$21=0,0,B17/$B$21)
A18: Neumáticos | B18: =SUMIF('Otros gastos'!$B$5:$B$44,A18,'Otros gastos'!$D$5:$D$44) | C18: =IF($B$21=0,0,B18/$B$21)
A19: Parking y peajes | B19: =SUMIF('Otros gastos'!$B$5:$B$44,A19,'Otros gastos'!$D$5:$D$44) | C19: =IF($B$21=0,0,B19/$B$21)
A20: Otros | B20: =SUMIF('Otros gastos'!$B$5:$B$44,A20,'Otros gastos'!$D$5:$D$44) | C20: =IF($B$21=0,0,B20/$B$21)
A21: Total | B21: =SUM(B14:B20)
A23: El primer repostaje no cuenta para el consumo ni para el coste por km: es el punto de partida.
A24: El coste total por km es fiable si los gastos de Otros gastos son del mismo periodo que los repostajes.
A26: Plantilla gratuita de plantillasdeexcel.es

Sheet Repostajes
A1: Repostajes
A2: Llena el depósito en cada repostaje · km = lo que marca el cuentakilómetros
A4: Fecha | B4: Km totales | C4: Litros | D4: Importe | E4: Precio por litro | F4: Km recorridos | G4: Consumo (l/100 km) | H4: Coste por km
A5: 46207 | B5: 84210 | C5: 41.5 | D5: 70.55 | E5: =IF(C5>0,D5/C5,0) | F5: 0 | G5: =IF(F5>0,C5/F5*100,0) | H5: =IF(F5>0,D5/F5,0)
A6: 46225 | B6: 84790 | C6: 36.2 | D6: 61.54 | E6: =IF(C6>0,D6/C6,0) | F6: =IF(AND(B6>0,B5>0),B6-B5,0) | G6: =IF(F6>0,C6/F6*100,0) | H6: =IF(F6>0,D6/F6,0)
A7: 46244 | B7: 85410 | C7: 39.8 | D7: 67.66 | E7: =IF(C7>0,D7/C7,0) | F7: =IF(AND(B7>0,B6>0),B7-B6,0) | G7: =IF(F7>0,C7/F7*100,0) | H7: =IF(F7>0,D7/F7,0)
A8: 46263 | B8: 86030 | C8: 40.1 | D8: 68.17 | E8: =IF(C8>0,D8/C8,0) | F8: =IF(AND(B8>0,B7>0),B8-B7,0) | G8: =IF(F8>0,C8/F8*100,0) | H8: =IF(F8>0,D8/F8,0)
A9: 46283 | B9: 86690 | C9: 42.3 | D9: 71.91 | E9: =IF(C9>0,D9/C9,0) | F9: =IF(AND(B9>0,B8>0),B9-B8,0) | G9: =IF(F9>0,C9/F9*100,0) | H9: =IF(F9>0,D9/F9,0)
A10: 46302 | B10: 87280 | C10: 37 | D10: 62.9 | E10: =IF(C10>0,D10/C10,0) | F10: =IF(AND(B10>0,B9>0),B10-B9,0) | G10: =IF(F10>0,C10/F10*100,0) | H10: =IF(F10>0,D10/F10,0)
E11: =IF(C11>0,D11/C11,0) | F11: =IF(AND(B11>0,B10>0),B11-B10,0) | G11: =IF(F11>0,C11/F11*100,0) | H11: =IF(F11>0,D11/F11,0)
E12: =IF(C12>0,D12/C12,0) | F12: =IF(AND(B12>0,B11>0),B12-B11,0) | G12: =IF(F12>0,C12/F12*100,0) | H12: =IF(F12>0,D12/F12,0)
E13: =IF(C13>0,D13/C13,0) | F13: =IF(AND(B13>0,B12>0),B13-B12,0) | G13: =IF(F13>0,C13/F13*100,0) | H13: =IF(F13>0,D13/F13,0)
E14: =IF(C14>0,D14/C14,0) | F14: =IF(AND(B14>0,B13>0),B14-B13,0) | G14: =IF(F14>0,C14/F14*100,0) | H14: =IF(F14>0,D14/F14,0)
E15: =IF(C15>0,D15/C15,0) | F15: =IF(AND(B15>0,B14>0),B15-B14,0) | G15: =IF(F15>0,C15/F15*100,0) | H15: =IF(F15>0,D15/F15,0)
E16: =IF(C16>0,D16/C16,0) | F16: =IF(AND(B16>0,B15>0),B16-B15,0) | G16: =IF(F16>0,C16/F16*100,0) | H16: =IF(F16>0,D16/F16,0)
E17: =IF(C17>0,D17/C17,0) | F17: =IF(AND(B17>0,B16>0),B17-B16,0) | G17: =IF(F17>0,C17/F17*100,0) | H17: =IF(F17>0,D17/F17,0)
E18: =IF(C18>0,D18/C18,0) | F18: =IF(AND(B18>0,B17>0),B18-B17,0) | G18: =IF(F18>0,C18/F18*100,0) | H18: =IF(F18>0,D18/F18,0)
E19: =IF(C19>0,D19/C19,0) | F19: =IF(AND(B19>0,B18>0),B19-B18,0) | G19: =IF(F19>0,C19/F19*100,0) | H19: =IF(F19>0,D19/F19,0)
E20: =IF(C20>0,D20/C20,0) | F20: =IF(AND(B20>0,B19>0),B20-B19,0) | G20: =IF(F20>0,C20/F20*100,0) | H20: =IF(F20>0,D20/F20,0)
E21: =IF(C21>0,D21/C21,0) | F21: =IF(AND(B21>0,B20>0),B21-B20,0) | G21: =IF(F21>0,C21/F21*100,0) | H21: =IF(F21>0,D21/F21,0)
E22: =IF(C22>0,D22/C22,0) | F22: =IF(AND(B22>0,B21>0),B22-B21,0) | G22: =IF(F22>0,C22/F22*100,0) | H22: =IF(F22>0,D22/F22,0)
... E64: =IF(C64>0,D64/C64,0) | F64: =IF(AND(B64>0,B63>0),B64-B63,0) | G64: =IF(F64>0,C64/F64*100,0) | H64: =IF(F64>0,D64/F64,0)
A66: Plantilla gratuita de plantillasdeexcel.es

Sheet Otros gastos
A1: Otros gastos del coche
A2: Seguro, ITV, taller, impuesto, neumáticos, parking y peajes
A4: Fecha | B4: Tipo | C4: Descripción | D4: Importe
A5: 46204 | B5: Seguro | C5: Seguro a todo riesgo, pago del trimestre | D5: 138.6
A6: 46218 | B6: Impuesto de circulación | C6: Impuesto de vehículos de tracción mecánica | D6: 74.3
A7: 46246 | B7: Parking y peajes | C7: Peajes del viaje a la costa | D7: 38.6
A8: 46254 | B8: Taller y mantenimiento | C8: Cambio de aceite y filtros | D8: 138.4
A9: 46270 | B9: ITV | C9: Inspección técnica | D9: 45.5
A10: 46277 | B10: Neumáticos | C10: Dos neumáticos delanteros | D10: 168
A46: Plantilla gratuita de plantillasdeexcel.es
